 Dungeon Crawl Stone Soup version 0.31-a0-949-g57150269e1 (webtiles) character file.

Game seed: 14655475681419089912

25944 Ekaitz the Arsonist (level 12, 0/92 HPs)
             Began as a Demonspawn Fire Elementalist on Oct 22, 2023.
             Was an Elder of Sif Muna.
             Killed from afar by a swamp worm (17 damage)
             ... with a harpoon shot
             ... on level 3 of the Lair of Beasts.
             The game lasted 00:52:04 (17248 turns).

Ekaitz the Arsonist (Demonspawn Fire Elementalist) Turns: 17248, Time: 00:52:04

Health: 0/92       AC: 10    Str: 12    XL:     12   Next: 94%
Magic:  13/23      EV: 17    Int: 31    God:    Sif Muna [****..]
Gold:   637        SH: 10    Dex: 13    Spells: 2/26 levels left

rFire   + . .        N - +4 scimitar (freeze)
rCold   . . .        V - +1 buckler
rNeg    . . .        J - +0 steam dragon scales
rPois   .            x - +0 helmet
rElec   .            T - +0 cloak "Piuxzim" {Int+6}
rCorr   +            z - +0 pair of gloves of Subjectivity {rF+ rCorr}
SInv    .            (no boots)
Will    .....        H - amulet of reflection
Stlth   +++          C - +5 ring of evasion
HPRegen 0.35/turn    t - +6 ring of intelligence
MPRegen 0.18/turn

%: reflection
@: studying Long Blades
A: slimy green scales 1, foul stench 2, powered by pain 2
a: Renounce Religion, Channel Magic, Forget Spell, Divine Exegesis


You were on level 3 of the Lair of Beasts.
You worshipped Sif Muna.
Sif Muna was greatly pleased with you.
You visited 3 branches of the dungeon, and saw 16 of its levels.
You also visited: Bailey.

You collected 1060 gold pieces.
You spent 423 gold pieces at shops.

Inventory:

Hand Weapons
 i - the +8 whip "Snakebite" {venom, curare, rPois}
   (You found it on level 2 of the Lair of Beasts)

   rPois:     It protects you from poison
 L - a +2 spear of venom
 M - a +5 trident
 N - a +4 scimitar of freezing (weapon)
 Q - a +1 dagger of draining
Missiles
 c - 49 poisoned darts
 R - a curare-tipped dart
 Y - 3 throwing nets
Armour
 g - a +0 troll leather armour
 x - a +0 helmet (worn)
 y - the +1 robe "Duecimm" {rC- rCorr Str+3 Stlth+}
   (You bought it in a shop on level 4 of the Dungeon)

   Str+3:     It affects your strength (+3).
   rC-:       It makes you vulnerable to cold.
   rCorr:     It protects you from acid and corrosion.
   Stlth+:    It makes you more stealthy.
 z - the +0 pair of gloves of Subjectivity (worn) {rF+ rCorr}
   (You found it in a bailey)

   rF+:       It protects you from fire.
   rCorr:     It protects you from acid and corrosion.
 J - +0 steam dragon scales (worn)
 K - a +0 robe of cold resistance
 T - the +0 cloak "Piuxzim" (worn) {Int+6}
   (You bought it in a shop on level 1 of the Dungeon)

   Int+6:     It affects your intelligence (+6).
 V - a +1 buckler (worn)
Jewellery
 f - an amulet of regeneration
 h - a ring of resist corrosion
 k - a +5 ring of evasion
 t - a +6 ring of intelligence (right hand)
 u - a ring of protection from cold
 C - a +5 ring of evasion (left hand)
 H - an amulet of reflection (around neck)
Wands
 q - a wand of polymorph (6)
 A - a wand of flame (11)
 B - a wand of mindburst (21)
 E - a wand of iceblast (8)
 W - a wand of quicksilver (7)
Scrolls
 e - 5 scrolls of teleportation {unknown}
 j - 4 scrolls of fear {unknown}
 l - 4 scrolls of silence {unknown}
 m - 2 scrolls of poison
 p - 3 scrolls of revelation
 v - a scroll of noise {unknown}
 F - 9 scrolls of fog {unknown}
Potions
 b - 2 potions of magic
 d - 4 potions of might
 n - 5 potions of brilliance
 o - 3 potions of heal wounds
 r - a potion of cancellation
 s - 4 potions of curing
 w - 3 potions of haste
 D - 2 potions of invisibility
 G - a potion of resistance
 O - a potion of enlightenment


   Skills:
 * Level 7.7 Fighting
 + Level 1.5(3.8) Short Blades
 * Level 5.6(5.7) Long Blades
 + Level 3.2 Dodging
 + Level 4.3 Stealth
 * Level 3.2 Shields
 + Level 7.8 Spellcasting
 + Level 4.8 Conjurations
 + Level 4.3 Hexes
 * Level 6.9 Translocations
 * Level 10.6 Fire Magic
 * Level 2.0 Air Magic
 * Level 7.5 Invocations
 * Level 6.0 Evocations


You had 2 spell levels left.
You knew the following spells:

 Your Spells              Type           Power      Damage    Failure   Level
a - Foxfire               Conj/Fire      100%       2x1d9     1%          1
b - Scorch                Fire           100%       2d9       1%          2
c - Volatile Blastmotes   Fire/Tloc      100%       2d18      1%          3
d - Flame Wave            Conj/Fire      56%        2d13      2%          4
e - Sticky Flame          Conj/Fire      56%        2d7       2%          4
f - Vhi's Electric Charg  Tloc/Air       80%        N/A       9%          4
g - Gell's Gravitas       Tloc           53%        N/A       1%          3
i - Inner Flame           Hex/Fire       55%        N/A       1%          3

Your spell library contained the following spells:

 Spells                   Type           Power      Damage    Failure   Level
 Lesser Beckoning         Tloc           100%       N/A       1%          2
 Sting                    Tmut/Pois      48%        1d5       5%          1
 Summon Small Mammal      Summ           48%        N/A       5%          1
 Poisonous Vapours        Pois/Air       36%        N/A       5%          2
 Teleport Other           Tloc           53%        N/A       1%          3
 Passage of Golubria      Tloc           53%        N/A       3%          4
 Dimensional Bullseye     Hex/Tloc       23%        N/A       5%          4
 Summon Guardian Golem    Hex/Summ       25%        N/A       7%          3
 Call Canine Familiar     Summ           12%        N/A       17%         3
 Animate Dead             Necr           12%        N/A       50%         4
 Olgreb's Toxic Radiance  Pois           12%        N/A       50%         4
 Borgnjor's Vile Clutch   Necr/Erth      6%         N/A       83%         5
 Death Channel            Necr           6%         N/A       100%        6
 Haunt                    Necr/Summ      6%         N/A       100%        7


Dungeon Overview and Level Annotations

Branches:
Dungeon (12/15)            Temple (1/1) D:7            Lair (3/5) D:10
 Bailey (visited)
  Swamp: Lair:2-3    Shoals: Lair:2-3     Snake: Lair:2-3    Spider: Lair:2-3
    Orc: D:9-12

Altars:
Ashenzari
Cheibriados
Dithmenos
Fedhas
Gozag
Hepliaklqana
Kikubaaqudgha
Makhleb
Nemelex Xobeh
Okawaru
Qazlal
Ru
Sif Muna
Trog
Uskayaw
Vehumet
Wu Jian
Xom
Yredelemnul

Shops:
D:1 [   D:4 (*=:   D:5 [

Annotations:
D:11 exclusion: boulder beetle
D:12 exclusion: skeletal warrior


Innate Abilities, Weirdness & Mutations

You are partially covered in slimy green scales. (AC +2)
You sometimes emit foul miasma when damaged in melee.
You sometimes gain power by taking damage.


Message History

The flame wave engulfs the yak!
The yak is severely wounded.
The water moccasin is engulfed in dark miasma.
The water moccasin bites you but does no damage.
The water moccasin is engulfed in dark miasma.
The water moccasin seems to slow down.
You kill the water moccasin!
Sif Muna accepts your kill. You block the yak's attack. The yak gores you!
* * * LOW HITPOINT WARNING * * *
Your Air Magic skill increases to level 2!
A wave of flame ripples out!
The flame wave engulfs the cane toad!
The cane toad is heavily wounded.
The flame wave engulfs the yak.
You kill the yak!
Sif Muna accepts your kill.
The flame wave engulfs the yak!
You kill the yak!
Sif Muna accepts your kill.
The flame wave engulfs the yak!!
You kill the yak!
Sif Muna accepts your kill.
You finish channelling waves of flame.
The cane toad is engulfed in blazing flames.
You block the cane toad's attack.
The cane toad is engulfed in blazing flames.
You block the cane toad's attack.
There is a stone staircase leading up, spattered with blood here.
You see here a yak corpse.
The cane toad is engulfed in blazing flames.
You kill the cane toad!
Sif Muna accepts your kill.
A swamp worm comes into view.
Your magical contamination has completely faded away.
Things that are here:
a +0 barding; a +1 longbow of flaming The swamp worm is engulfed in blazing flames.
The swamp worm fires a harpoon shot at you.
The harpoon shot hits you!
You die...

...........
.......... ♣♣
..........
§♣.. .......
§§..♣ #.....
§§§§ #...#
♣§.. #...#
§§♣§..##[@.#
§§§§.§°§.†.#
~§§§w##°<°.###
~§§ ##.....# ~
#........
.........
..........
.##P.#.##.# .#
##..## ##


You could see a swamp worm.

Vanquished Creatures
  Nessos (Lair:3)
  Josephine (D:12)
  2 hydras
  Nergalle (D:10)
  The ghost of gdog the Covert, a novice GnDe (D:7)
  An orc knight (Bailey)
  A cyclops (D:12)
  An ugly thing (D:12)
  5 black mambas
  A gargoyle (D:12)
  7 cane toads
  3 rime drakes
  A kobold demonologist (D:12)
  3 komodo dragons (Lair:3)
  3 trolls
  Prince Ribbit (D:5)
  The ghost of superbruh the Magician, an amateur DjFE (D:5)
  3 slime creatures (D:12)
  3 shadows
  3 wyverns
  29 yaks
  A water elemental (D:12)
  4 wraiths (D:12)
  A basilisk (Lair:2)
  2 steam dragons
  6 vampire mosquitoes
  4 acid dragons
  14 water moccasins
  An ice beast (D:6)
  2 sky beasts
  2 black bears
  7 orc warriors
  4 wolves (Lair:1)
  8 centaurs
  3 phantoms
  2 kobold brigands
  5 gnoll sergeants
  4 bullfrogs
  A scorpion (D:5)
  12 wights
  2 howler monkeys
  An electric eel (D:12)
  4 jellies
  2 hounds (D:6)
  8 orc priests
  Crazy Yiuf (D:5)
  2 gnoll boudas
  2 sleepcaps
  2 iguanas
  10 orc wizards
  20 gnolls
  14 adders
  3 shadow imps
  2 worms
  6 dart slugs
  39 orcs
  2 bats
  4 endoplasms
  6 giant cockroaches
  11 goblins
  2 hobgoblins
  3 jackals (D:1)
  9 ball pythons
  5 frilled lizards (D:1)
  26 kobolds
  7 rats
348 creatures vanquished.

Vanquished Creatures (collateral kills)
  3 foxfires
3 creatures vanquished.

Vanquished Creatures (others)
  An orc (D:7)
  945 foxfires
946 creatures vanquished.

Grand Total: 1297 creatures vanquished

Notes
Turn   | Place    | Note
-------+----------+-------------------------------------------
     0 | D:1      | Ekaitz the Demonspawn Fire Elementalist began the quest for
                  | the Orb.
     0 | D:1      | Reached XP level 1. HP: 13/13 MP: 3/3
   143 | D:1      | Reached skill level 3 in Fire Magic
   192 | D:1      | Gained mutation: You may rarely emit foul miasma when
                  | damaged in melee. [demonic ancestry]
   192 | D:1      | Reached XP level 2. HP: 19/19 MP: 0/5
   205 | D:1      | Learned a level 2 spell: Scorch
   595 | D:1      | Found Remoones's Antique Armour Boutique.
   859 | D:1      | Reached XP level 3. HP: 23/25 MP: 3/6
   863 | D:1      | Learned a level 3 spell: Volatile Blastmotes
  1677 | D:2      | Found a faded altar of an unknown god.
  1756 | D:2      | Gained mutation: You sometimes emit foul miasma when
                  | damaged in melee. [demonic ancestry]
  1756 | D:2      | Reached XP level 4. HP: 30/31 MP: 5/7
  1932 | D:2      | Reached skill level 1 in Translocations
  2231 | D:3      | Reached skill level 1 in Fighting
  2235 | D:3      | Reached XP level 5. HP: 25/37 MP: 1/8
  3271 | D:3      | Found a hazy altar of Hepliaklqana.
  3353 | D:4      | Noticed a phantom
  3429 | D:4      | Killed a phantom
  3430 | D:4      | Reached skill level 4 in Fire Magic
  3493 | D:4      | Found Taxezxul's Weapon Emporium.
  3599 | D:4      | Reached XP level 6. HP: 26/43 MP: 6/10
  3603 | D:4      | Learned a level 3 spell: Inner Flame
  3676 | D:4      | Found Usuowo's Jewellery Shoppe.
  3697 | D:4      | Found Gonuan's Book Shop.
  3704 | D:4      | Found Asunt's Assorted Antiques.
  3722 | D:4      | Bought a ripped robe for 142 gold pieces
  3722 | D:4      | Identified the +1 robe "Duecimm" {rC- rCorr Str+3 Stlth+}
                  | (You bought it in a shop on level 4 of the Dungeon)
  3722 | D:4      | Bought a scroll labelled EKARI RUFIZATZ for 25 gold pieces
  4060 | D:4      | Found a sacrificial altar of Ru.
  4060 | D:4      | Found a hide-covered altar of Uskayaw.
  4068 | D:4      | Found a snail-covered altar of Cheibriados.
  4261 | D:5      | Entered Level 5 of the Dungeon
  4458 | D:5      | Found a transporter.
  4459 | D:5      | Found a transporter.
  4464 | D:5      | Noticed superbruh's ghost (amateur DjFE)
  4545 | D:5      | Noticed Prince Ribbit
  4553 | D:5      | Killed Prince Ribbit
  4554 | D:5      | Reached skill level 1 in Hexes
  4554 | D:5      | Gained mutation: You sometimes gain a little power by
                  | taking damage. [demonic ancestry]
  4554 | D:5      | Reached XP level 7. HP: 40/50 MP: 1/12
  4658 | D:5      | Found Homout's Antique Armour Emporium.
  5051 | D:5      | Found a runed translucent door.
  5052 | D:5      | Noticed Crazy Yiuf
  5344 | D:6      | Reached skill level 1 in Short Blades
  5344 | D:6      | Reached skill level 5 in Fire Magic
  5383 | D:6      | Found a broken altar of Ashenzari.
  5415 | D:6      | Learned a level 4 spell: Flame Wave
  5683 | D:6      | Reached XP level 8. HP: 57/57 MP: 4/13
  6298 | D:6      | Found a burning altar of Makhleb.
  6471 | D:6      | Reached skill level 6 in Fire Magic
  6853 | D:7      | Found a shadowy altar of Dithmenos.
  6919 | D:7      | Gained mutation: You sometimes gain power by taking damage.
                  | [demonic ancestry]
  6919 | D:7      | Reached XP level 9. HP: 62/65 MP: 11/15
  7014 | D:7      | Found a staircase to the Ecumenical Temple.
  7023 | Temple   | Entered the Ecumenical Temple
  7033 | Temple   | Became a worshipper of Sif Muna the Loreminder
  7254 | D:7      | Reached skill level 1 in Evocations
  7505 | D:7      | Found a runed translucent gate.
  7505 | D:7      | Found a runed translucent gate.
  7505 | D:7      | Found a runed translucent gate.
  7509 | D:7      | Noticed gdog's ghost (novice GnDe)
  7756 | D:8      | Reached skill level 1 in Invocations
  8046 | D:8      | Found a blossoming altar of Fedhas.
  8113 | D:8      | Reached skill level 5 in Spellcasting
  8118 | D:8      | Learned a level 4 spell: Sticky Flame
  8163 | D:8      | Reached * piety under Sif Muna
  8434 | D:8      | Reached skill level 7 in Fire Magic
  8485 | D:8      | Reached XP level 10. HP: 45/73 MP: 11/18
  8609 | D:8      | Found an opulent altar of Gozag.
  8721 | D:8      | Reached skill level 5 in Fighting
  9511 | D:9      | Reached skill level 5 in Translocations
  9960 | D:10     | Entered Level 10 of the Dungeon
 10063 | D:10     | Reached skill level 8 in Fire Magic
 10188 | D:10     | Found a flagged portal.
 10202 | D:10     | Reached ** piety under Sif Muna
 10315 | Bailey   | Entered a bailey
 10545 | Bailey   | Noticed an orc knight
 10551 | Bailey   | Killed an orc knight
 10552 | Bailey   | Reached skill level 5 in Invocations
 10797 | Bailey   | Identified the +0 pair of gloves of Subjectivity {rF+
                  | rCorr}
 11029 | D:10     | Reached XP level 11. HP: 81/81 MP: 14/20
 11060 | D:10     | Found a staircase to the Lair.
 11087 | D:10     | Found Diemuil's Weapon Emporium.
 11126 | D:10     | Noticed Nergalle
 11357 | D:1      | Bought a transparent cloak for 256 gold pieces
 11357 | D:1      | Identified the +0 cloak "Piuxzim" {Int+6} (You bought it in
                  | a shop on level 1 of the Dungeon)
 11545 | D:5      | Killed superbruh's ghost
 11683 | D:5      | Killed Crazy Yiuf
 11885 | D:7      | Killed gdog's ghost
 12259 | D:10     | Killed Nergalle
 12290 | D:10     | Learned a level 3 spell: Gell's Gravitas
 12583 | D:11     | Reached skill level 9 in Fire Magic
 12628 | D:11     | Noticed a boulder beetle
 12672 | D:11     | Reached skill level 1 in Long Blades
 13280 | D:12     | Identified the "Hustem"
 13287 | D:12     | Reached *** piety under Sif Muna
 13328 | D:12     | Reached skill level 1 in Shields
 13547 | D:12     | Noticed Josephine
 13558 | D:12     | Killed Josephine
 13765 | D:12     | Noticed a skeletal warrior
 13807 | D:12     | Reached skill level 5 in Evocations
 14124 | D:12     | Noticed a brown ugly thing
 14132 | D:12     | Killed a brown ugly thing
 14195 | Lair:1   | Identified the "Ziemynamp"
 14195 | Lair:1   | Entered Level 1 of the Lair of Beasts
 14216 | Lair:1   | Gained mutation: You are partially covered in slimy green
                  | scales. (AC +2) [demonic ancestry]
 14216 | Lair:1   | Reached XP level 12. HP: 59/89 MP: 19/23
 14228 | Lair:1   | Reached **** piety under Sif Muna
 15087 | Lair:1   | Learned a level 4 spell: Vhi's Electric Charge
 15127 | Lair:1   | Reached skill level 10 in Fire Magic
 15837 | Lair:2   | Found the +8 whip "Snakebite" {venom, curare, rPois}
 15927 | Lair:2   | Noticed a five-headed hydra
 15933 | Lair:2   | Killed a five-headed hydra
 16191 | Lair:2   | Identified the +1 spear of Wu Jian {freeze, Contam MP+9
                  | Int+2}
 16341 | Lair:2   | Reached skill level 1 in Air Magic
 16804 | Lair:3   | Reached skill level 5 in Long Blades
 16809 | Lair:3   | Noticed a four-headed hydra
 17036 | Lair:3   | Noticed Nessos
 17047 | Lair:3   | Killed Nessos
 17234 | Lair:3   | Noticed a five-headed hydra
 17239 | Lair:3   | Killed a five-headed hydra
 17248 | Lair:3   | Killed from afar by a swamp worm

Illustrated notes

Levels and vault maps discovered:
D:1:      dpeg_arrival_pits, layout_basic, serial_shops, nicolae_square_shop,
          minmay_circled_x
D:2:      layout_basic, shapermc_ecumenical_altar_flowoftime
D:3:      layout_basic, marbit_many_paths, chequers_arboretum,
          minmay_quadrilaterals
D:4:      layout_cave_pools, chequers_temple_overflow_minitemple, serial_shops,
          nicolae_take_the_stairs, nicolae_shop_bloodbath_and_beyond,
          nicolae_book_shop_shelving, nicolae_shop_getting_attention,
          serial_bayou_pond_a, kennysheep_generic_room_6
D:5:      layout_basic, gammafunk_ghost_gnarly_gnolls, serial_shops,
          nicolae_shop_dealshenge, uniq_prince_ribbit1, uniq_crazy_yiuf_cottage
D:6:      minmay_recursive_quarters, layout_loops_cross,
          makhleb_heckhound_becter, mainiacjoe_overflow_brackets
D:7:      layout_gridville, grunt_dithmenos_shadows, minmay_temple_entry_mist,
          biasface_ghost_orc_armoury
D:8:      layout_basic, nicolae_gozag_seed_capital, minmay_ruined_shrine
D:9:      layout_stronghold, grunt_decor_arrowhead, lightli_corner_chamber
D:10:     layout_irregular_city, lair_entry_dummy, enter_bailey_3, serial_shops,
          kennysheep_little_box, uniq_nergalle
D:11:     layout_loops_ring, david_orc_4, kennysheep_generic_room_2
D:12:     layout_basic, uniq_josephine
Temple:   nicolae_temple_hex_pool
Lair:1:   layout_gridlike, grunt_megastairs_2
Lair:2:   minmay_guarded_unrand_snakebite, layout_small_grid, st_stairs_13,
          lemuel_fruit_tree
Lair:3:   layout_regular_city, palyth_hydra_swamp_entry,
          nicolae_snake_entry_warm_welcome, ebering_ghost_rock_garden,
          grunt_megastairs_4, uniq_nessos

Skill      XL: |  1  2  3  4  5  6  7  8  9 10 11 12 |
---------------+-------------------------------------+-----
Fire Magic     | 3 4 5 6 7 8 9 10 | 10.6
Dodging        | 2 3 |  3.2
Stealth        | 2 3 4 |  4.3
Translocations | 1 2 3 4 5 6 |  6.9
Fighting       | 1 2 3 4 5 6 7 |  7.7
Conjurations   | 2 3 4 |  4.8
Spellcasting   | 3 4 5 6 7 |  7.8
Hexes          | 1 2 3 4 |  4.3
Short Blades   | 1 |  1.5
Evocations     | 2 4 5 6 |  6.0
Invocations    | 3 5 6 7 |  7.5
Long Blades    | 3 5 |  5.6
Shields        | 2 3 |  3.2
Air Magic      | 2 |  2.0

Action                     |  1- 3 |  4- 6 |  7- 9 | 10-12 || total
---------------------------+-------+-------+-------+-------++-------
  Melee: Dagger            |    65 |    21 |    28 |    62 ||   176
         Short sword       |       |       |     2 |     5 ||     7
         Punch             |       |       |       |     2 ||     2
         Scimitar          |       |       |       |   108 ||   108
   Cast: Foxfire           |    45 |    72 |   136 |   279 ||   532
         Scorch            |     4 |    14 |    49 |   108 ||   175
         Inner Flame       |       |       |     2 |    28 ||    30
         Flame Wave        |       |       |     1 |     9 ||    10
         Volatile Blastmot |       |       |    19 |    16 ||    35
         Vhi's Electric Ch |       |       |       |     1 ||     1
 Invoke: Channel Magic     |       |       |     2 |     3 ||     5
  Evoke: Wand              |       |       |     6 |       ||     6
    Use: Scroll            |       |       |       |    18 ||    18
         Potion            |       |       |       |     2 ||     2
   Stab: Sleeping          |     4 |     5 |     3 |     7 ||    19
 Armour: Robe              |    25 |    25 |    23 |       ||    73
         Steam dragon scal |       |       |    33 |   220 ||   253
  Dodge: Dodged            |    23 |    21 |    70 |   313 ||   427
  Block: Other             |       |       |       |    15 ||    15
         Buckler           |       |       |       |    79 ||    79
         Reflection        |       |       |       |     1 ||     1

Table legend: (Time is in decaauts)
 A = Elapsed time spent in this place.
 B = Non-inter-level travel time spent in this place.
 C = Inter-level travel time spent in this place.
 D = Time resting spent in this place.
 E = Time spent auto-exploring this place.
 F = Levels seen in this place.
 G = Mean time per level.
                   A        B        C        D        E       F      G
               +--------+--------+--------+--------+--------+-----+--------+
         Total |  17313 |  15995 |   1318 |   1128 |  11504 |  17 | 1018.4 |
       Dungeon |  13640 |  12444 |   1196 |    691 |   8988 |  12 | 1136.7 |
        Temple |     20 |      1 |     19 |      0 |      0 |   1 |   20.0 |
          Lair |   3075 |   2973 |    102 |    328 |   2196 |   3 | 1025.0 |
        Bailey |    576 |    576 |      0 |    109 |    319 |   1 |  576.0 |
               +--------+--------+--------+--------+--------+-----+--------+

Top non-repeatable levels by time:
  Lair:2: 1801 daAuts
     D:5: 1515 daAuts
     D:6: 1348 daAuts
     D:3: 1324 daAuts
     D:8: 1241 daAuts
     D:9: 1203 daAuts
     D:1: 1188 daAuts
     D:7: 1167 daAuts
  Lair:1: 1149 daAuts
    D:10: 1086 daAuts
     D:2: 1035 daAuts
     D:4: 886 daAuts
    D:12: 873 daAuts
    D:11: 770 daAuts
  Bailey: 576 daAuts
